 Dungeon Crawl Stone Soup version 0.21.1-1-g345015f (webtiles) character file.

63 Opti87 the Charmwright (level 4, 0/38 HPs)
             Began as a Gnoll Skald on May 8, 2018.
             Slain by an orc wizard
             ... wielding a +2 dagger of draining
              (1 damage)
             ... on level 3 of the Dungeon.
             The game lasted 00:16:18 (2460 turns).

Opti87 the Charmwright (Gnoll Skald)                Turns: 2460, Time: 00:16:19

Health: 0/38       AC:  6    Str: 15    XL:     4   Next: 10%
Magic:  10/11      EV: 11    Int: 15    God:
Gold:   177        SH:  0    Dex: 14    Spells: 12/13 levels left

rFire    . . .     SeeInvis .   a - +0 mace
rCold    . . .     Gourm    .   (no shield)
rNeg     . . .     Faith    .   e - +0 ring mail
rPois    .         Spirit   .   f - +0 helmet
rElec    .         Reflect  .   (no cloak)
rCorr    .         Harm     .   (no gloves)
MR       .....                  (no boots)
Stlth    +.........             (no amulet)
HPRegen  0.12/turn              (no ring)
MPRegen  0.12/turn              (no ring)

@: slowed, heavily drained, very slow
A: distributed training, fangs 1, strong nose
a: no special abilities


You were on level 3 of the Dungeon.
You were not hungry.

You visited 1 branch of the dungeon, and saw 3 of its levels.

You collected 177 gold pieces.

Inventory:

Hand Weapons
 a - a +0 mace (weapon)
Armour
 b - a +0 leather armour
 e - a +0 ring mail (worn)
 f - a +0 helmet (worn)
Jewellery
 k - an uncursed ring of poison resistance {unknown}
 o - a cursed ring of teleportation {unknown}
Scrolls
 j - a scroll of immolation {unknown}
 m - a scroll of teleportation {unknown}
Potions
 g - 2 potions of degeneration {unknown}
 h - 2 potions of invisibility {unknown}
 i - a potion of ambrosia {unknown}
 l - 2 potions of magic {unknown}
 n - 2 potions of curing {unknown}
Books
 c - a book of Battle

   Spells                             Type                      Level
   a - Infusion                       Charms                       1
   b - Shroud of Golubria             Charms/Translocation         2
   c - Song of Slaying                Charms                       2
   d - Spectral Weapon                Hexes/Charms                 3
   e - Regeneration                   Charms/Necromancy            3
Comestibles
 d - 7 rations


   Skills:
 + Level 4.6(2.7) Fighting
 + Level 1.0(0.0) Short Blades
 + Level 1.0(0.0) Long Blades
 + Level 1.0(0.0) Axes
 + Level 4.6(2.7) Maces & Flails
 + Level 1.0(0.0) Polearms
 + Level 1.0(0.0) Staves
 + Level 1.0(0.0) Slings
 + Level 1.0(0.0) Bows
 + Level 1.0(0.0) Crossbows
 + Level 1.0(0.0) Throwing
 + Level 2.7(0.9) Armour
 + Level 4.6(2.7) Dodging
 + Level 1.0(0.0) Stealth
 + Level 1.0(0.0) Shields
 + Level 1.0(0.0) Unarmed Combat
 + Level 5.0(3.1) Spellcasting
 + Level 0.7(0.0) Conjurations
 + Level 0.7(0.0) Hexes
 + Level 5.4(3.5) Charms
 + Level 0.7(0.0) Summonings
 + Level 0.7(0.0) Necromancy
 + Level 0.7(0.0) Translocations
 + Level 0.7(0.0) Transmutations
 + Level 0.7(0.0) Fire Magic
 + Level 0.7(0.0) Ice Magic
 + Level 0.7(0.0) Air Magic
 + Level 0.7(0.0) Earth Magic
 + Level 0.7(0.0) Poison Magic
 + Level 1.1(0.0) Invocations
 + Level 1.0(0.0) Evocations


You had 12 spell levels left.
You knew the following spells:

 Your Spells              Type           Power        Failure   Level  Hunger
a - Infusion              Chrm           ##..         10%         1    #......


Dungeon Overview and Level Annotations

Branches:
Dungeon (3/15)

Altars:
Vehumet


Innate Abilities, Weirdness & Mutations

Your experience applies equally to all skills.
You have very sharp teeth.
Your uncanny sense of smell can sniff out nearby items.


Message History

You hit the orc.
The orc is severely wounded.
The orc hits you.
* * * LOW HITPOINT WARNING * * *
The orc closely misses you.
You hit the orc. Your bite misses the orc.
The orc is almost dead.
You are no longer magically infusing your attacks.
The orc closely misses you. x2
You closely miss the orc.
The orc is almost dead.
The orc completely misses you. The orc wizard barely misses you.
The orc hits you.
* * * LOW HITPOINT WARNING * * *
You closely miss the orc.
The orc is almost dead.
The orc wizard hits you with a dagger of draining.
* * * LOW HITPOINT WARNING * * *
You feel drained.
You die...

.........#.#######......#.#.#
.........#.# ###+##.#.#.#
.........#.# #.##.#.#..
#>....†..#.# #.##.#....
#.....†..#.# #.##.####.
.........#.# #.#.......
.........(.# #.#.#.....
.........##### #.#.#.####
...#...(.(.o@# #.#'#+### ##
#+#######o## #.......# #...+
#.......# ∆ #..##
..#.......## ∆
#..##....#......... #.)..#
#......... #....+ ####......
#....# ##'#### #...... #<#


You could see an orc wizard and an orc.

Vanquished Creatures
  An adder (D:2)
  A worm (D:2)
  3 leopard geckos (D:1)
  2 orcs (D:3)
  4 ball pythons
  4 bats
  3 giant cockroaches
  6 goblins
  4 hobgoblins
  2 quokkas
  2 frilled lizards (D:1)
  3 kobolds
  9 rats
44 creatures vanquished.

Notes
Turn   | Place    | Note
-------+----------+-------------------------------------------
     0 | D:1      | Opti87 the Gnoll Skald began the quest for the Orb.
     0 | D:1      | Reached XP level 1. HP: 20/20 MP: 6/6
   339 | D:1      | Reached XP level 2. HP: 26/26 MP: 7/7
   975 | D:1      | Reached XP level 3. HP: 28/31 MP: 9/9
  1172 | D:2      | Reached skill level 5 in Spellcasting
  1626 | D:2      | Found a radiant altar of Vehumet.
  1725 | D:2      | Reached skill level 1 in Invocations
  2165 | D:2      | Reached skill level 1 in Short Blades
  2165 | D:2      | Reached skill level 1 in Long Blades
  2165 | D:2      | Reached skill level 1 in Axes
  2165 | D:2      | Reached skill level 1 in Polearms
  2165 | D:2      | Reached skill level 1 in Staves
  2165 | D:2      | Reached skill level 1 in Slings
  2165 | D:2      | Reached skill level 1 in Bows
  2165 | D:2      | Reached skill level 1 in Crossbows
  2165 | D:2      | Reached skill level 1 in Throwing
  2165 | D:2      | Reached skill level 1 in Stealth
  2165 | D:2      | Reached skill level 1 in Shields
  2165 | D:2      | Reached skill level 1 in Unarmed Combat
  2165 | D:2      | Reached skill level 1 in Evocations
  2420 | D:3      | Reached XP level 4. HP: 37/38 MP: 11/11
  2460 | D:3      | HP: 1/38 [orc wizard/dagger of draining (2)]
  2460 | D:3      | Slain by an orc wizard

Skill      XL: |  1  2  3 |
---------------+----------+-----
Spellcasting   | 5 |  5.0
Invocations    | 1 |  1.1
Short Blades   | 1 |  1.0
Long Blades    | 1 |  1.0
Axes           | 1 |  1.0
Polearms       | 1 |  1.0
Staves         | 1 |  1.0
Slings         | 1 |  1.0
Bows           | 1 |  1.0
Crossbows      | 1 |  1.0
Throwing       | 1 |  1.0
Stealth        | 1 |  1.0
Shields        | 1 |  1.0
Unarmed Combat | 1 |  1.0
Evocations     | 1 |  1.0
Fighting       | |  4.6
Maces & Flails | |  4.6
Armour         | |  2.7
Dodging        | |  4.6
Conjurations   | |  0.7
Hexes          | |  0.7
Charms         | |  5.4
Summonings     | |  0.7
Necromancy     | |  0.7
Translocations | |  0.7
Transmutations | |  0.7
Fire Magic     | |  0.7
Ice Magic      | |  0.7
Air Magic      | |  0.7
Earth Magic    | |  0.7
Poison Magic   | |  0.7

Action                   |  1- 3 |  4- 6 || total
-------------------------+-------+-------++-------
Melee: Mace              |   144 |    22 ||   166
       Bite              |    14 |       ||    14
       Punch             |     1 |       ||     1
 Cast: Infusion          |     6 |     1 ||     7
  Eat: Chunk             |     4 |       ||     4
       Ration            |     1 |       ||     1
Armor: Ring mail         |    50 |    12 ||    62
Dodge: Dodged            |   110 |    23 ||   133
